Map: Bel'Shir Vestige LE (Void)

Players

starkiller

  • Race: Zerg Zerg
  • League: Grandmaster
  • Spawn Location: 11:00

Railgan - Winner!

  • Race: Zerg Zerg
  • League: Grandmaster
  • Spawn Location: 5:00

VOD

Have the link to the VOD?

Description

Time

  • Played on: March 19, 2017, 8:01 p.m.
  • Length: 11:46
Show
View Real Time Build Order
Export as new Build Order

starkiller Zerg 

Build Orders: Pool First 

Get SALT Encoding   

  12  0:00  Drone  
  13  0:10  Drone  
  14  0:16  Extractor, Drone  
  15  0:22  Overlord  
  15  0:40  Drone x2  
  17  0:44  Spawning Pool  
  17  0:47  Drone  
  17  1:10  Hatchery  
  16  1:13  Drone  
  16  1:16  Drone  
  18  1:18  Extractor  
  17  1:31  Zergling x4  
  19  1:33  Queen  
  21  1:43  Overlord  
  21  1:53  Drone  
  22  2:07  Drone  
  23  2:14  Queen  
  25  2:21  Queen  
  27  2:23  Drone x3  
  30  2:32  Drone  
  31  2:41  Drone  
  32  2:47  Drone  
  32  2:48  Drone x3  
  32  2:50  Drone  
  35  2:54  Drone  
  36  3:05  Evolution Chamber  
  35  3:07  Drone  
  35  3:11  Roach Warren  
  35  3:12  Drone  
  36  3:15  Overlord x2  
  36  3:20  Lair  
  36  3:28  Overlord  
  36  3:29  Overlord  
  36  3:32  Zerg Missile Weapons Level 1  
  36  3:38  Drone x3  
  36  3:39  Drone  
  40  3:44  Drone x2  
  40  3:45  Drone  
  43  3:49  Drone  
  43  3:50  Drone  
  43  3:52  Drone  
  43  3:53  Drone  
  47  3:56  Drone  
  47  3:59  Drone  
  47  4:00  Extractor  
  47  4:01  Extractor  
  47  4:07  Drone  
  47  4:09  Overlord  
  48  4:17  Glial Reconstitution  
  48  4:22  Roach x2  
  54  4:24  Roach  
  54  4:25  Hatchery  
  54  4:28  Roach  
  54  4:30  Roach  
  56  4:39  Roach x2  
  56  4:40  Drone  
  56  4:43  Roach  
  63  4:47  Roach x2  
  63  4:48  Roach  
  63  4:50  Roach  
  71  4:53  Roach  
  71  4:58  Roach  
  71  4:59  Overlord  
  75  5:02  Overlord  
  75  5:09  Overlord  
  75  5:12  Overlord  
  75  5:13  Drone  
  76  5:18  Drone  
  77  5:22  Drone x3  
  77  5:26  Drone  
  81  5:34  Roach x3  
  81  5:35  Roach  
  89  5:37  Roach  
  89  5:40  Roach  
  89  5:42  Roach x2  
  97  5:43  Roach  
  97  5:44  Roach  
  97  5:49  Roach  
  103  5:53  Roach  
  103  5:55  Roach  
  107  6:00  Overlord  
  107  6:01  Overlord  
  107  6:02  Roach  
  109  6:04  Roach  
  109  6:06  Roach  
  113  6:14  Overlord x2  
  113  6:19  Roach x3  
  113  6:20  Roach  
  113  6:24  Roach x2  
  125  6:26  Roach  
  125  6:29  Roach  
  125  6:32  Roach  
  131  6:34  Roach  
  131  6:37  Overlord  
  131  6:38  Roach  
  131  6:39  Roach  
  137  6:41  Roach  
  137  6:44  Roach  
  143  6:47  Roach x2  
  143  6:51  Overlord  
  145  6:55  Roach x2  
  145  6:56  Roach  
  153  7:01  Roach  
  151  7:14  Roach x7  
  149  7:19  Roach x3  
  135  7:25  Roach  
  135  7:26  Roach x2  
  135  7:28  Roach  
  135  7:29  Roach  
  129  7:33  Roach  
  129  7:40  Roach  
  129  7:41  Roach x2  
  123  7:44  Roach  
  113  7:53  Drone x5  
  113  7:55  Drone  
  118  7:58  Drone  
  118  7:59  Extractor  
  118  8:00  Extractor, Drone  
  118  8:03  Drone  
  118  8:10  Drone x2  
  118  8:12  Zerg Missile Weapons Level 2  
  120  8:16  Roach  
  122  8:25  Roach x3  
  122  8:26  Roach  
  114  8:42  Roach x4  
  114  8:44  Roach  
  114  8:45  Roach x9  
  114  8:46  Drone  
  114  8:48  Drone x2  
  137  8:54  Drone  
  138  8:57  Drone, Roach  
  138  8:58  Roach  
  143  9:07  Hatchery, Roach x3  
  148  9:12  Roach x3  
  154  9:18  Overlord  
  154  9:19  Overlord x2  
  154  9:26  Overlord  
  154  9:30  Overlord  
  154  9:32  Overlord x2  
  154  9:37  Overlord x4  
  154  9:40  Ravager x2  
  154  9:41  Ravager x5  
  154  9:42  Overlord  
  161  9:48  Roach  
  161  9:49  Roach x2  
  161  9:50  Roach  
  161  9:52  Roach x2  
  173  9:55  Roach  
  173  9:57  Roach  
  175  10:09  Roach  
  175  10:10  Roach x4  
  175  10:13  Roach  
  175  10:14  Roach x2  
  185  10:16  Roach  
  185  10:17  Roach x2  
  185  10:18  Roach  
  191  10:21  Roach  
  191  10:24  Roach x2  
  191  10:25  Roach  
  189  10:33  Roach x2  
  189  10:34  Roach x2  
  177  10:36  Roach  
  177  10:37  Roach  
  177  10:38  Roach  
  177  10:40  Roach  
  177  10:42  Roach  
  181  10:44  Roach  
  181  10:50  Roach x3  
  181  10:51  Roach  
  181  10:53  Roach  
  185  11:07  Roach x5  
  185  11:09  Roach x2  
Show
View Real Time Build Order
Export as new Build Order

Railgan Zerg - Winner!

Build Orders: Hatch First 

Get SALT Encoding   

  12  0:01  Drone  
  13  0:12  Overlord  
  13  0:17  Drone  
  14  0:31  Drone x2  
  14  0:34  Drone  
  17  0:45  Drone  
  18  0:56  Drone  
  19  0:57  Hatchery  
  19  1:01  Extractor  
  17  1:12  Spawning Pool  
  17  1:14  Drone  
  17  1:17  Drone  
  18  1:28  Drone  
  19  1:38  Overlord  
  19  1:58  Queen  
  19  1:59  Zergling x2  
  19  2:01  Zergling x2  
  23  2:08  Queen  
  23  2:12  Drone x2  
  27  2:19  Drone  
  28  2:23  Baneling Nest  
  28  2:25  Drone  
  28  2:29  Extractor  
  27  2:31  Drone  
  27  2:35  Extractor  
  28  2:37  Spore Crawler  
  29  2:48  Drone x3  
  31  2:53  Overlord  
  31  2:54  Drone  
  32  3:05  Drone x2  
  34  3:10  Hatchery  
  33  3:14  Drone  
  33  3:15  Drone  
  33  3:17  Drone x2, Zergling x2  
  38  3:23  Drone  
  38  3:24  Drone  
  38  3:27  Overlord  
  39  3:29  Drone x2  
  39  3:33  Lair  
  41  3:39  Drone x2  
  43  3:44  Evolution Chamber  
  43  3:47  Drone  
  43  3:49  Roach Warren  
  43  3:50  Drone  
  43  3:53  Extractor, Drone  
  43  3:55  Drone  
  44  3:56  Extractor  
  44  3:57  Drone  
  44  3:58  Drone  
  44  4:00  Drone  
  46  4:04  Drone x2  
  46  4:07  Drone  
  49  4:10  Overlord  
  49  4:14  Drone  
  50  4:17  Zerg Missile Weapons Level 1  
  50  4:20  Drone, Overlord  
  50  4:23  Drone x2  
  53  4:25  Drone  
  53  4:27  Drone x2  
  53  4:30  Drone  
  57  4:38  Drone x3  
  58  4:45  Overseer  
  59  4:46  Glial Reconstitution  
  59  4:49  Queen  
  59  4:50  Extractor, Roach  
  59  4:51  Roach x2  
  66  4:53  Roach  
  66  4:55  Roach  
  66  4:57  Roach  
  66  4:59  Roach  
  74  5:03  Overlord  
  74  5:14  Overlord  
  74  5:19  Overlord  
  74  5:21  Roach  
  74  5:22  Roach x3  
  74  5:23  Overlord  
  74  5:26  Overlord  
  82  5:30  Extractor  
  82  5:33  Roach  
  82  5:34  Roach x3  
  89  5:39  Roach x4  
  89  5:40  Overlord x2  
  97  5:44  Drone  
  97  5:45  Drone  
  97  5:49  Roach  
  100  5:53  Drone x2  
  100  5:57  Drone x2  
  104  6:00  Roach x3  
  104  6:01  Roach  
  104  6:03  Roach  
  114  6:06  Roach  
  116  6:12  Drone x2  
  116  6:14  Zerg Missile Weapons Level 2  
  116  6:16  Ravager x3  
  116  6:17  Ravager  
  122  6:19  Drone x2  
  122  6:21  Roach  
  122  6:23  Roach x2  
  122  6:24  Overlord x2  
  130  6:31  Overlord  
  130  6:33  Overlord  
  130  6:36  Overlord  
  130  6:42  Roach x4  
  130  6:43  Roach x2  
  142  6:48  Roach  
  144  6:56  Overseer  
  144  7:00  Hydralisk Den, Hatchery, Roach x4  
  144  7:12  Roach x4  
  138  7:15  Roach  
  138  7:16  Roach x4  
  138  7:18  Roach  
  125  7:23  Roach  
  125  7:25  Roach x3  
  125  7:26  Roach  
  125  7:28  Roach  
  112  7:32  Roach x2  
  114  7:38  Roach Warren  
  114  7:40  Zergling x8  
  103  7:52  Hydralisk x6  
  103  7:56  Muscular Augments  
  115  7:59  Hydralisk  
  115  8:01  Hydralisk  
  119  8:06  Hydralisk  
  119  8:08  Hydralisk  
  123  8:13  Hydralisk  
  123  8:18  Roach  
  123  8:19  Roach x2  
  131  8:23  Roach x2  
  128  8:40  Roach x5  
  128  8:41  Roach x4  
  141  8:43  Roach  
  141  8:48  Extractor, Roach  
  142  8:49  Roach  
  142  8:53  Hydralisk  
  142  8:55  Roach x2  
  152  8:56  Roach  
  152  9:00  Roach x3  
  152  9:02  Roach  
  162  9:04  Drone  
  162  9:06  Roach x2  
  162  9:09  Hatchery  
  166  9:11  Roach  
  168  9:19  Overlord x3  
  168  9:31  Overlord  
  168  9:33  Ravager  
  169  9:43  Ravager x2  
  169  9:44  Ravager x4  
  169  9:45  Roach x2  
  179  9:46  Overlord  
  179  9:49  Roach x2  
  183  9:56  Overlord  
  183  9:58  Roach x5  
  183  9:59  Overlord  
  193  10:06  Roach x3  
  199  10:10  Roach  
  199  10:15  Overlord  
  199  10:19  Roach x2  
  197  10:34  Roach x3  
  198  10:48  Roach  
  195  11:04  Hydralisk x8  
  197  11:16  Hydralisk  
  191  11:19  Hydralisk  
  191  11:20  Hydralisk  
  191  11:22  Roach  
  191  11:23  Roach x5  
Tags
 
Add a new tag
Caveats
  • Supply blocks, unpowered buildings, or Contaminate may cause inaccurate times.
  • Supply counts are checked every 10 seconds.